AoeStats
← Nextilius

Arena

507614585Analyzed
4v4 RM · 12d ago on Sep 19, 2026· 104m 28s· 8 players
Game mode
Random Map
Map size
Large (8 player)
Population
200
Speed
Normal
Resources
Standard
Victory
Conquest
Starting age
Dark Age
Ending age
Imperial Age
RankedLock teamsTeams togetherTeam positionsShared explorationLock speedFull tech treeHidden civsTurbo modeCheats
Victory
Defeat
🇦🇷 Vietnamese · Argentina
896
+13
🇦🇷 Portuguese · Argentina
876
+14
🇨🇱 Byzantines · Chile
815
+16
🇦🇷 Britons · Argentina
790
+16
🇦🇷 Khmer · Argentina
856
-16
🇦🇷 Italians · Argentina
824
-36
🇦🇷 Sicilians · Argentina
815
-39
🇦🇷 Teutons · Argentina
783
-13
CACO
0:50 Loom
10:22 Feudal Age
12:25 Horse Collar
18:29 Castle Age
18:49 Stone Mining
18:53 Gold Mining
21:16 Double-Bit Axe
21:11 Crossbowman
25:28 Fletching
25:38 Padded Archer Armor
30:42 Wheelbarrow
31:30 Leather Archer Armor
33:54 Hand Cart
39:07 Imperial Age
37:30 Bow Saw
37:24 Heavy Plow
36:53 Elite Skirmisher
38:36 Thumb Ring
39:25 Forging
39:15 Scale Mail Armor
39:21 Scale Barding Armor
40:17 Gold Shaft Mining
41:51 Arbalester
44:27 Chemistry
43:09 Treadmill Crane
47:48 Two-Man Saw
47:22 Crop Rotation
47:30 Iron Casting
47:11 Chain Mail Armor
47:16 Chain Barding Armor
47:27 Ring Archer Armor
46:52 Bodkin Arrow
47:53 Logistica
48:03 Conscription
47:36 Onager
48:39 Ballistics
48:45 Bombard Tower
48:16 Guard Tower
48:11 Arrowslits
48:24 Murder Holes
52:36 Elite Cataphract
53:16 Greek Fire
57:11 Imperial Skirmisher
58:26 Pikeman
59:07 Squires
58:52 Gambesons
58:28 Man-at-Arms
58:53 Arson
59:58 Plate Mail Armor
59:28 Bracer
60:04 Plate Barding Armor
60:16 Hoardings
59:54 Halberdier
74:55 Caravan
94:36 Husbandry
93:57 Light Cavalry
102:21 Hussar
marcos_trujillo
12:31 Feudal Age
16:14 Castle Age
14:28 Horse Collar
14:35 Double-Bit Axe
15:59 Scale Barding Armor
18:57 Bloodlines
20:30 Gold Mining
25:27 Fletching
25:58 Chain Barding Armor
25:39 Padded Archer Armor
26:01 Thumb Ring
25:18 Crossbowman
26:58 Bodkin Arrow
28:36 Leather Archer Armor
30:49 Bow Saw
32:28 Heavy Plow
43:40 Imperial Age
41:47 Wheelbarrow
40:46 Pikeman
41:29 Scale Mail Armor
41:39 Forging
44:14 Hand Cart
45:22 Chemistry
45:08 Paper Money
46:14 Bracer
46:19 Squires
48:08 Ring Archer Armor
48:17 Iron Casting
48:08 Arbalester
49:13 Ballistics
50:01 Halberdier
52:12 Two-Man Saw
51:31 Caravan
62:49 Block Printing
63:51 Sanctity
66:05 Onager
71:14 Chain Mail Armor
71:36 Plate Barding Armor
77:23 Elite Skirmisher
78:29 Imperial Skirmisher
85:40 Light Cavalry
94:01 Coinage
WARSITO.
10:58 Feudal Age
12:16 Double-Bit Axe
19:53 Castle Age
18:00 Fletching
17:58 Horse Collar
18:26 Stone Mining
20:59 Bow Saw
20:40 Elite Skirmisher
21:38 Heavy Plow
25:00 Bodkin Arrow
33:34 Ballistics
33:54 Wheelbarrow
33:49 Gold Mining
34:13 Forging
33:52 Treadmill Crane
36:07 Hand Cart
36:59 Yeomen
40:58 Imperial Age
43:04 Chemistry
42:07 Bracer
62:25 Loom
76:44 Caravan
79:43 Elite Longbowman
82:41 Two-Man Saw
83:39 Conscription
100:11 Onager
100:39 Town Watch
lucas_mondaca
14:16 Feudal Age
18:07 Castle Age
16:20 Horse Collar
16:31 Double-Bit Axe
18:03 Stone Mining
18:10 Gold Mining
19:53 Wheelbarrow
25:21 Heavy Plow
26:52 Hand Cart
28:51 Bow Saw
29:01 Man-at-Arms
29:27 Gambesons
29:49 Scale Mail Armor
29:40 Long Swordsman
30:44 Forging
33:19 Stone Shaft Mining
38:04 Imperial Age
39:08 Arquebus
39:01 Elite Organ Gun
42:29 Chemistry
44:59 Two-Handed Swordsman
45:51 Champion
47:27 Onager
50:24 Iron Casting
59:01 Pikeman
73:29 Halberdier
76:08 Two-Man Saw
93:28 Chain Mail Armor
Nextilius
5:46 Loom
11:58 Feudal Age
13:34 Wheelbarrow
13:14 Double-Bit Axe
15:43 Horse Collar
19:39 Castle Age
21:03 Heavy Plow
26:03 Imperial Age
24:55 Town Watch
26:18 Bow Saw
27:35 Hand Cart
27:44 Forging
28:20 Husbandry
28:34 Scale Barding Armor
29:27 Conscription
30:46 Iron Casting
30:09 Gold Mining
31:33 Bloodlines
32:43 Blast Furnace
32:00 Town Patrol
32:33 Crop Rotation
34:02 Chain Barding Armor
34:08 Elite Battle Elephant
37:34 Plate Barding Armor
38:30 Chemistry
37:36 Siege Engineers
38:49 Caravan
39:34 Hoardings
39:11 Elite Ballista Elephant
40:31 Ballistics
41:01 Gold Shaft Mining
40:16 Stone Mining
42:54 Tusk Swords
44:54 Double Crossbow
44:28 Light Cavalry
45:23 Masonry
45:11 Murder Holes
53:11 Hussar
56:17 Fervor
56:52 Stone Shaft Mining
60:17 Architecture
60:02 Padded Archer Armor
70:02 Devotion
84:19 Leather Archer Armor
89:18 Coinage
Mandy ARG
8:13 Loom
12:59 Feudal Age
14:29 Wheelbarrow
23:13 Castle Age
22:43 Horse Collar
26:55 Forging
26:50 Scale Barding Armor
28:21 Heavy Plow
30:04 Man-at-Arms
53:26 Stone Mining
53:26 Gold Mining
54:38 Hand Cart
56:15 Long Swordsman
56:41 Gambesons
56:56 Squires
56:41 Arson
60:43 Iron Casting
60:29 Chain Barding Armor
60:12 Scale Mail Armor
60:25 Pikeman
66:42 Chain Mail Armor
75:28 Imperial Age
75:39 Imperial Age
76:11 Double-Bit Axe
82:15 Bow Saw
82:40 Crop Rotation
87:46 Blast Furnace
89:13 Plate Mail Armor
EliooVaaald2005
19:10 Loom
22:22 Feudal Age
25:30 Bloodlines
Shirako
14:37 Feudal Age
15:25 Double-Bit Axe
16:58 Horse Collar
20:28 Loom
23:27 Forging
23:24 Scale Mail Armor
32:46 Castle Age
33:25 Pikeman
38:29 Chain Mail Armor
44:56 Gold Mining
45:48 Wheelbarrow
45:56 Iron Casting
45:29 Scale Barding Armor
51:01 Husbandry
54:43 Heavy Plow
54:58 Bow Saw
71:35 Padded Archer Armor
81:19 Elite Skirmisher
Connection lost

Rejoining the realm…

Still unreachable

The connection could not be restored.

Session expired

The server has moved on; the page needs a fresh start.